 Dungeon Crawl Stone Soup version 0.31-a0-162-gc4c5a43528 (webtiles) character file.

Game seed: 14374299134765554174

74 qw the Shooter (level 4, -2/39 HPs)
             Began as a Naga Hunter on June 12, 2023.
             Frozen to death by an endoplasm (5 damage)
             ... on level 2 of the Dungeon.
             The game lasted 00:00:19 (861 turns).

qw the Shooter (Naga Hunter)                         Turns: 861, Time: 00:00:20

Health: -2/39      AC:  2    Str: 13    XL:     4   Next: 28%
Magic:  4/4        EV:  9    Int: 10    God:
Gold:   56         SH:  0    Dex: 16    Spells: 3/3 levels left

rFire   . . .        Y - +0 shortbow
rCold   . . .        (shield currently unavailable)
rNeg    . . .        c - +0 leather armour
rPois   +            (no helmet)
rElec   .            (no cloak)
rCorr   .            (no gloves)
SInv    +            (no barding)
Will    .....        (no amulet)
Stlth   ++           (no ring)
HPRegen 0.26/turn    (no ring)
MPRegen 0.09/turn

%: no passive effects
@: short of breath, very slow
A: AC +1, large, see invisible, deformed body, poison resistance, slowness 2,
spit poison 1, naga tail 1
a: Spit Poison


You were on level 2 of the Dungeon.
You visited 1 branch of the dungeon, and saw 2 of its levels.

You collected 56 gold pieces.


Innate Abilities, Weirdness & Mutations

Your serpentine skin is tough. (AC +1)
You have supernaturally acute eyesight. (SInv)
Armour fits poorly on your strangely shaped body.
Your system is resistant to poisons. (rPois)
You cover ground very slowly.
You can spit poison.
You have a snake-like lower body.


   Skills:
 + Level 2.2 Fighting
 - Level 5.0 Ranged Weapons
 - Level 1.5 Dodging
 - Level 1.5 Stealth


You had 3 spell levels left.
You didn't know any spells.
Your spell library was empty.

Inventory:

Hand Weapons
 Y - a +0 shortbow (weapon)
Armour
 c - a +0 leather armour (worn)
Potions
 d - 2 potions of curing {unknown}
 h - a potion of mutation {unknown}
 j - a potion of resistance {unknown}

Dungeon Overview and Level Annotations

Branches:
Dungeon (2/15)

Altars:
Zin

Shops:
D:1 [


Message History

The splash of poison hits the adder!
The adder is poisoned.
The adder is almost dead.
The endoplasm quivers.
You shoot an arrow. The arrow completely misses the adder.
The endoplasm quivers.
The adder bites you but does no damage.
You shoot an arrow. The arrow closely misses the adder.
The arrow hits the kobold!
You kill the kobold!
The adder barely misses you. The endoplasm hits you.
The adder barely misses you. The endoplasm closely misses you.
You shoot an arrow. The arrow barely misses the adder.
You hear a shout!
You kill the adder!
The endoplasm barely misses you.
A kobold comes into view. It is wielding a +0 dagger.
You shoot an arrow.
The arrow hits the endoplasm but does no damage.
The endoplasm closely misses you.
You shoot an arrow. The arrow hits the endoplasm.
The endoplasm is severely wounded.
You have got your breath back.
The endoplasm hits you but does no damage.
The endoplasm hits you.
859 ||| INVOKING Spit Poison.
Aiming: Spit Poison (1% risk of failure)
Press: ? - help, Shift-Dir - straight line, f - kobold, p - endoplasm The splash of poison misses the kobold.
The endoplasm barely misses you. The endoplasm freezes you.
You are frozen.
The kobold throws a stone.
The stone closely misses you.
You shoot an arrow. The arrow hits the endoplasm.
You kill the endoplasm!
The endoplasm freezes you.
You are frozen.
You shoot an arrow. The arrow hits the endoplasm.
The endoplasm is almost dead.
The endoplasm freezes you.
You are frozen.
You die...

..## ....
...##
######.....
#........#
#........#
#..K.....##
#..@.......
#..%J....##
#..).....#
#........#
#........#
#####.####
.# .. ###
.. .###..
.....#


You could see an endoplasm and a kobold.

Vanquished Creatures
  Terence (D:2)
  2 adders (D:2)
  A dart slug (D:1)
  A bat (D:1)
  3 endoplasms
  2 giant cockroaches (D:1)
  4 goblins
  4 hobgoblins
  2 kobolds
  A quokka (D:1)
  A ball python (D:1)
  A frilled lizard (D:1)
  3 rats (D:1)
26 creatures vanquished.

Notes
Turn   | Place    | Note
-------+----------+-------------------------------------------
     0 | D:1      | qw the Naga Hunter began the quest for the Orb.
     0 | D:1      | Reached XP level 1. HP: 19/19 MP: 1/1
     0 | D:1      | 0 ||| qw: Version: 0.2-a-29-gc1b59c4
     0 | D:1      | 0 ||| qw: Game counter: 4409
     0 | D:1      | 0 ||| qw: Always use a shield: true
     0 | D:1      | 0 ||| qw: God list: Okawaru
     0 | D:1      | 0 ||| qw: Allow faded altars: false
     0 | D:1      | 0 ||| qw: Do Orc after D:15 true
     0 | D:1      | 0 ||| qw: Do second Lair branch before Depths: true
     0 | D:1      | 0 ||| qw: Lair rune preference: random
     0 | D:1      | 0 ||| qw: Plans: Normal
     0 | D:1      | 0 ||| PLANNING D:1-11
     8 | D:1      | 8 ||| INVOKING Spit Poison.
    13 | D:1      | 13 ||| INVOKING Spit Poison.
    25 | D:1      | 25 ||| INVOKING Spit Poison.
    48 | D:1      | 48 ||| INVOKING Spit Poison.
    60 | D:1      | Reached skill level 4 in Ranged Weapons
    60 | D:1      | Reached XP level 2. HP: 26/26 MP: 2/2
    62 | D:1      | 62 ||| INVOKING Spit Poison.
    66 | D:1      | 66 ||| INVOKING Spit Poison.
    71 | D:1      | 71 ||| INVOKING Spit Poison.
    87 | D:1      | 87 ||| INVOKING Spit Poison.
    92 | D:1      | 92 ||| INVOKING Spit Poison.
   121 | D:1      | Found Mogrushroung's Armour Shop.
   128 | D:1      | 128 ||| SHOPLISTING +0 cloak (45 gold, have 32).
   128 | D:1      | 128 ||| SHOPLISTING +0 pair of gloves (45 gold, have 32).
   128 | D:1      | 128 ||| SHOPLISTING +1 leather armour of the Comet {Rampage
                  | rN++ Will- Int+4} (287 gold, have 32).
   128 | D:1      | 128 ||| SHOPLISTING +3 leather armour of poison resistance
                  | (210 gold, have 32).
   174 | D:1      | 174 ||| INVOKING Spit Poison.
   178 | D:1      | 178 ||| INVOKING Spit Poison.
   247 | D:1      | 247 ||| INVOKING Spit Poison.
   254 | D:1      | 254 ||| INVOKING Spit Poison.
   304 | D:1      | 304 ||| INVOKING Spit Poison.
   310 | D:1      | 310 ||| INVOKING Spit Poison.
   671 | D:1      | Found a faded altar of an unknown god.
   714 | D:1      | 714 ||| INVOKING Spit Poison.
   715 | D:1      | Reached XP level 3. HP: 32/32 MP: 3/3
   740 | D:1      | 740 ||| READING 2 scrolls labelled ZIGREYSK KUAME.
   745 | D:1      | 745 ||| READING scroll labelled ZIATILO ONOMU.
   746 | D:1      | 746 ||| READING scroll labelled QID AMOESHREAC.
   747 | D:1      | 747 ||| READING scroll labelled NEUT POHOTHILU.
   748 | D:1      | 748 ||| DROPPING scroll of butterflies.
   774 | D:2      | 774 ||| INVOKING Spit Poison.
   803 | D:2      | 803 ||| INVOKING Spit Poison.
   832 | D:2      | Found a glowing silver altar of Zin.
   833 | D:2      | 833 ||| INVOKING Spit Poison.
   836 | D:2      | Noticed Terence
   842 | D:2      | 842 ||| INVOKING Spit Poison.
   846 | D:2      | 846 ||| INVOKING Spit Poison.
   847 | D:2      | HP: 8/32 [Terence/+0 flail of pain (10)]
   848 | D:2      | 848 ||| READING scroll of teleportation.
   849 | D:2      | Killed Terence
   850 | D:2      | Reached skill level 5 in Ranged Weapons
   850 | D:2      | Reached XP level 4. HP: 9/39 MP: 4/4
   853 | D:2      | 853 ||| INVOKING Spit Poison.
   858 | D:2      | HP: 8/39 [endoplasm (3)]
   859 | D:2      | 859 ||| INVOKING Spit Poison.
   860 | D:2      | HP: 2/39 [frozen (4)]
   861 | D:2      | Frozen to death by an endoplasm

Levels and vault maps discovered:
D:1:      lemuel_arrival_room, layout_basic, dilly_ecumenical_altar_fadedgnrine,
          serial_shops, nicolae_shop_statue_plus
D:2:      minmay_wonky_spiral, layout_rooms, basic_altar, uniq_terence

Skill      XL: |  1  2  3 |
---------------+----------+-----
Ranged Weapons | 4 5 |  5.0
Fighting       | |  2.2
Dodging        | |  1.5
Stealth        | |  1.5

Action                     |  1- 3 |  4- 6 || total
---------------------------+-------+-------++-------
   Fire: Shortbow          |    40 |     7 ||    47
Ability: Spit Poison       |    21 |     2 ||    23
    Use: Scroll            |     5 |       ||     5
 Armour: Leather armour    |       |     2 ||     2
  Dodge: Dodged            |     3 |     7 ||    10

Table legend:
 A = Non-vault XP
 B = Vault XP
 C = Vault XP percentage of total XP
 D = Non-vault monster count
 E = Vault monster count
 F = Vault count percentage of total count
                 A         B        C        D         E       F
            +---------+---------+-------+---------+---------+-------
      Total |      70 |      36 |  34.0 |      25 |       1 |   3.8
            +---------+---------+-------+---------+---------+-------
        D:1 |      35 |       0 |   0.0 |      19 |       0 |   0.0
        D:2 |      35 |      36 |  50.7 |       6 |       1 |  14.3
            +---------+---------+-------+---------+---------+-------
